 Dungeon Crawl Stone Soup version 0.25.1-8-g42b30a86e7 (webtiles) character file.

Game seed: 14209535640483591353

205669 itbelikedat the Executioner (level 18, -1/155 (160) HPs)
             Began as a Hill Orc Monk on Dec 24, 2020.
             Was the Champion of the Shining One.
             Engulfed by a death drake's foul pestilence (15 damage)
             ... on level 3 of the Abyss.
             The game lasted 01:40:14 (14787 turns).

itbelikedat the Executioner (Hill Orc Monk)        Turns: 14787, Time: 01:40:14

HP:   -1/155 (160)  AC: 34    Str: 25    XL:     18   Next: 17%
MP:   31/31         EV: 15    Int: 10    God:    the Shining One [******]
Gold: 465           SH:  5    Dex: 18    Spells: 17/17 levels left

rFire    + . .     SeeInvis .   l - +5 battleaxe (freeze)
rCold    + . .     Gourm    .   (shield currently unavailable)
rNeg     + + +     Faith    .   n - +3 plate armour {rF+}
rPois    +         Spirit   .   d - +1 helmet
rElec    .         Reflect  +   C - +2 cloak
rCorr    .         Harm     .   w - +2 pair of gloves {Str+3}
MR       +....                  a - +3 pair of boots "Igehuwyq" {*Slow rPois rC+ Dex+5}
Stlth    ..........             i - amulet of reflection
HPRegen  0.00/turn              k - +4 ring of evasion
MPRegen  0.22/turn              r - +4 ring of slaying

@: lethally poisoned (-1 -> -39), very slightly contaminated, non-regenerating,
diseased, slowed, glowing, very slow
A: no striking features
}: 2/15 runes: serpentine, barnacled
a: Divine Shield, Cleansing Flame, Summon Divine Warrior, Brand Weapon With Holy
Wrath, Renounce Religion


You were on level 3 of the Abyss.
You worshipped the Shining One.
The Shining One was exalted by your worship.
You were not hungry.

You visited 9 branches of the dungeon, and saw 35 of its levels.
You visited the Abyss 1 time.

You collected 2134 gold pieces.
You spent 1669 gold pieces at shops.

Inventory:

Hand Weapons
 l - a +5 battleaxe of freezing (weapon)
 y - a +1 war axe of freezing
 J - a +2 battleaxe of flaming
Missiles
 t - 3 throwing nets (quivered)
 u - 8 silver javelins
Armour
 a - the +3 pair of boots "Igehuwyq" (worn) {*Slow rPois rC+ Dex+5}
   (You bought it in a shop on level 2 of the Orcish Mines)

   It affects your dexterity (+5).
   It protects you from cold.
   It protects you from poison.
   It may slow you when you take damage.
 d - a +1 helmet (worn)
 e - a +0 plate armour of poison resistance
 n - a +3 plate armour of fire resistance (worn)
 w - a +2 pair of gloves of strength (worn)
 C - a +2 cloak (worn)
 T - a +0 troll leather armour
Jewellery
 i - an amulet of reflection (around neck)
 k - a +4 ring of evasion (left hand)
 q - a +4 ring of protection
 r - a +4 ring of slaying (right hand)
 v - an uncursed ring of protection from fire
 I - a +4 ring of slaying
 L - the ring "Xel Yshi" {rN+ Dex+6}
   (You found it on level 10 of the Dungeon)

   [ring of dexterity]

   It affects your dexterity (+6).
   It protects you from negative energy.
 P - the amulet "Leusir" {Inacc *Slow Fragile MR+++ Str+5}
   (You found it on level 6 of the Lair of Beasts)

   [amulet of inaccuracy]

   It reduces the accuracy of all your attacks.
   It affects your strength (+5).
   It affects your resistance to hostile enchantments.
   It may slow you when you take damage.
   It will be destroyed if unequipped.
Wands
 b - a wand of iceblast (10)
 o - a wand of paralysis (15)
 D - a wand of acid (2)
 G - a wand of polymorph (6)
 K - a wand of enslavement (6)
 S - a wand of clouds (5)
Scrolls
 f - 5 scrolls of remove curse
 g - 2 scrolls of fog
 m - a scroll of silence
 p - a scroll of teleportation
 x - 6 scrolls of identify
 A - 2 scrolls of magic mapping
 M - a scroll of immolation
Potions
 z - 2 potions of magic
 E - 4 potions of lignification
 H - a potion of resistance
 W - a potion of stabbing
Miscellaneous
 h - a phial of floods
 X - a phantom mirror
Comestibles
 c - 32 rations
 j - 2 chunks of flesh


   Skills:
 + Level 14.0 Fighting
 - Level 23.7 Axes
 - Level 3.0 Throwing
 + Level 14.4 Armour
 - Level 6.0 Dodging
 - Level 1.5 Stealth
 - Level 18.6 Invocations
 - Level 6.4 Evocations


You had 17 spell levels left.
You didn't know any spells.
Your spell library contained the following spells:

 Spells                   Type           Power        Failure   Level  Hunger
 Animate Skeleton         Necr           N/A          96%         1    ##.....
 Pain                     Necr           #...         96%         1    ##.....
 Corpse Rot               Necr/Air       N/A          99%         2    ###....
 Stone Arrow              Conj/Erth      #.....       100%        3    ####...
 Vampiric Draining        Necr           #.........   100%        3    ####...
 Animate Dead             Necr           N/A          100%        4    #####..
 Agony                    Necr           #.......     100%        5    ######.
 Summon Forest            Summ/Tloc      #.........   100%        5    ######.
 Eringya's Noxious Bog    Tmut/Pois      #.........   100%        6    #######
 Hydra Form               Tmut           #.........   100%        6    #######
 Summon Hydra             Summ           #.........   100%        7    #######


Dungeon Overview and Level Annotations

Branches:
Dungeon (13/15)            Temple (1/1) D:7            Lair (6/6) D:11
 Shoals (4/4) Lair:4        Snake (4/4) Lair:3        Slime (0/5) Lair:6
    Orc (2/2) D:10            Elf (1/3) Orc:2        Vaults (3/5) D:13
  Crypt (1/3) Vaults:3

Altars:
Dithmenos
Elyvilon
Nemelex Xobeh
Uskayaw
Vehumet
Wu Jian
The Shining One

Shops:
Orc:2 :*[(   Snake:2 (   Snake:4 **([

Portals:
Sewer: D:5

Annotations:
D:4 exclusion: downstairs
Lair:1 1 transporter
Shoals:3 1 runed translucent door, Tyggy's ghost, journeyman MiBe
Snake:2 Aizul
Snake:4 Mara
Vaults:3 Agnes; Sojobo
Abyss:3 1 runed translucent door


Message History

The Shining One accepts your kill.
You feel better.
You are engulfed in dark miasma.
You are lethally poisoned!
You feel your flesh rotting away!
You feel ill.
* * * LOW HITPOINT WARNING * * *
x2 You feel very sick.
Really walk into that cloud of foul pestilence?
Okay, then.
Really walk into that cloud of foul pestilence? [Y]es or [N]o only, please.
Really walk into that cloud of foul pestilence?
Okay, then.
Unknown command.
Okay, then.
Okay, then.
Really walk into that cloud of foul pestilence?
You are engulfed in dark miasma.
You feel your flesh rotting away!
You die...

#### #... ##
#...###...## .
###....k... ..
#....###>#...##
##...°...#│..... .#.X
..∩.+.....#
###.#.#..##+#. ..##
#..#.#.#...$..|.. #
#.#.#@#k..#.#..#)....
#...°°.##.#.##....# #.
#....°X°......$......
#..##°°.°...#..#..#k..
##. .#..#.#.#'#. ... #
# >....### ...... .
.#=...# .###.... #.
.....


You could see a large abomination.

Vanquished Creatures
  Saint Roka (Snake:3)
  A tentacled monstrosity (Abyss:3)
  A lich (Vaults:3)
  2 tentacled starspawn (Abyss:3)
  A sphinx (Vaults:3)
  3 nagarajas (Snake:4)
  2 fire giants (Vaults:3)
  An orc warlord (Orc:2)
  A deep elf elementalist (Abyss:3)
  A draconian annihilator (Abyss:3)
  3 ironheart preservers (Vaults:2)
  A very ugly thing (Vaults:3)
  A stone giant (Vaults:3)
  A deep elf demonologist (Vaults:3)
  A purple draconian (Abyss:3)
  A lorocyproca (Abyss:3)
  A merfolk impaler (Shoals:4)
  2 merfolk javelineers (Shoals:4)
  A great orb of eyes (Vaults:1)
  A yaktaur captain (Vaults:2)
  9 naga warriors
  6 vault guards
  4 hydras
  A death knight (Vaults:2)
  An alligator snapping turtle (Shoals:4)
  3 merfolk aquamancers
  An anaconda (Snake:4)
  4 death yaks (Lair:6)
  A catoblepas (Lair:6)
  A satyr (Shoals:4)
  A merfolk avatar (Shoals:4)
  A deep troll shaman (Vaults:2)
  3 two-headed ogres
  An ogre mage (Vaults:2)
  7 shock serpents
  A soul eater (Vaults:3)
  3 deep elf knights
  3 orc high priests (Orc:2)
  4 naga sharpshooters
  Urug (Orc:2)
  9 sea snakes
  7 skeletal warriors
  2 shadow wraiths
  4 deep trolls
  A flayed ghost (Vaults:2)
  3 starcursed masses (Abyss:3)
  3 deep elf archers
  A wizard (Vaults:1)
  A naga ritualist (Snake:4)
  7 mana vipers
  4 ironbrand convokers
  5 orc knights
  4 orc sorcerers
  4 ugly things
  9 deep elf magi
  3 cyclopes
  11 fauns
  An orb spider (shapeshifter) (Vaults:2)
  3 merfolk sirens
  4 salamanders
  4 manticores
  5 elephants (Lair:4)
  A guardian serpent (Snake:4)
  Joseph (D:7)
  22 black mambas
  4 water nymphs
  An orange demon (Abyss:3)
  2 centaur skeletons
  3 gargoyles
  A torpor snail (Lair:4)
  4 vault sentinels
  14 naga magi
  27 spiny frogs
  A smoke demon (Abyss:3)
  A spiny frog (shapeshifter) (Vaults:3)
  5 yaktaurs
  A rime drake (Lair:3)
  5 komodo dragons
  2 kobold demonologists
  4 freezing wraiths
  An ancient zyme (Abyss:3)
  A polar bear (Lair:5)
  3 trolls
  14 merfolk
  A wind drake (Shoals:2)
  A jumping spider (Orc:2)
  2 hornets
  A tengu simulacrum (Vaults:3)
  5 raiju (Abyss:3)
  8 slime creatures
  The ghost of OdinFK the Vandal, an amateur HaHu (D:6)
  7 snapping turtles
  15 hippogriffs
  5 tyrant leeches (Lair:6)
  22 blink frogs
  3 wraiths
  6 water elementals
  26 yaks
  A steam dragon (D:9)
  2 wyverns
  2 basilisks
  2 neqoxecs (Abyss:3)
  A chaos spawn (Abyss:3)
  6 vampire mosquitoes (Lair:6)
  Menkaure (D:7)
  26 nagas
  8 wargs
  15 water moccasins
  5 porcupines
  32 orc warriors
  A black bear (Lair:5)
  An eye of draining (D:11)
  A necrophage (D:11)
  3 sky beasts
  10 ogres
  6 centaurs
  8 crocodiles
  3 big kobolds
  26 bullfrogs
  A water moccasin zombie (Crypt:1)
  A salamander skeleton (Crypt:1)
  A raiju zombie (Crypt:1)
  3 scorpions
  12 killer bees
  3 wights (D:10)
  2 electric eels (Lair:4)
  3 howler monkeys
  2 bullfrog zombies
  6 hounds
  Crazy Yiuf (D:7)
  2 jellies (Lair:6)
  23 orc priests
  3 bullfrog skeletons
  29 orc wizards
  3 iguanas
  7 worker ants
  A killer bee zombie (D:8)
  3 small abominations (Abyss:3)
  A hound zombie (D:6)
  A hound skeleton (D:6)
  A worker ant zombie (D:8)
  A howler monkey skeleton (D:11)
  12 adders
  4 gnolls (Orc:2)
  3 shadow imps
  A white imp (Abyss:3)
  3 oozes (Lair:6)
  2 dart slugs
  A leopard gecko (D:1)
  77 orcs
  5 giant cockroaches
  9 goblins
  4 hobgoblins
  4 jackals (D:5)
  13 kobolds
  8 quokkas
  2 ball pythons
  2 bats
  8 frilled lizards
  A jackal skeleton (D:7)
  A leopard gecko skeleton (D:4)
  2 quokka skeletons
  5 rats
  3 fungi
  25 plants
  4 starspawn tentacles (Abyss:3)
868 creatures vanquished.

Vanquished Creatures (collateral kills)
  A vault warden (Vaults:3)
  An ironheart preserver (Vaults:3)
  A vault guard (Vaults:3)
  A vault sentinel (Vaults:3)
4 creatures vanquished.

Vanquished Creatures (others)
  A kobold (D:3)
  9 fungi
  51 plants
  7 starspawn tentacles (Abyss:3)
68 creatures vanquished.

Grand Total: 940 creatures vanquished

Notes
Turn   | Place    | Note
-------+----------+-------------------------------------------
     0 | D:1      | itbelikedat the Hill Orc Monk began the quest for the Orb.
     0 | D:1      | Reached XP level 1. HP: 19/19 MP: 1/1
   103 | D:1      | Reached XP level 2. HP: 26/26 MP: 2/2
   117 | D:1      | Reached skill level 5 in Axes
   251 | D:1      | Reached XP level 3. HP: 25/31 MP: 3/3
   607 | D:2      | Reached skill level 6 in Axes
   766 | D:3      | Reached XP level 4. HP: 37/39 MP: 4/4
   816 | D:5      | Entered Level 5 of the Dungeon
   816 | D:5      | Found a glowing drain.
   970 | D:4      | Reached skill level 7 in Axes
   994 | D:4      | Reached XP level 5. HP: 37/45 MP: 5/5
  1117 | D:4      | Noticed an ogre
  1245 | D:5      | Reached skill level 8 in Axes
  1260 | D:5      | Noticed a centaur
  1278 | D:5      | Killed a centaur
  1278 | D:5      | Reached skill level 9 in Axes
  1278 | D:5      | Reached XP level 6. HP: 31/51 MP: 6/6
  1368 | D:5      | Found a radiant altar of Vehumet.
  1451 | D:6      | Found a runed translucent gate.
  1451 | D:6      | Found a runed translucent gate.
  1451 | D:6      | Found a runed translucent gate.
  1451 | D:6      | Noticed OdinFK's ghost (amateur HaHu)
  1693 | D:7      | Found a staircase to the Ecumenical Temple.
  1709 | Temple   | Entered the Ecumenical Temple
  1730 | Temple   | Became a worshipper of the Shining One
  1730 | Temple   | Reached * piety under the Shining One
  1730 | Temple   | Reached ** piety under the Shining One
  1834 | D:6      | Got a translucent falchion
  1835 | D:6      | Identified the cursed +0 falchion "Zetuos" {freeze, rF+ rN+
                  | Dex+3 Stlth-} (You found it on level 6 of the Dungeon)
  1867 | D:6      | Reached skill level 10 in Axes
  1867 | D:6      | Reached XP level 7. HP: 57/57 MP: 7/7
  1957 | D:6      | Reached skill level 1 in Invocations
  1965 | D:6      | Killed OdinFK's ghost
  2061 | D:8      | Noticed a yak
  2061 | D:8      | Noticed a yak
  2094 | D:7      | Reached skill level 5 in Fighting
  2150 | D:7      | Found a runed translucent door.
  2151 | D:7      | Noticed Crazy Yiuf
  2159 | D:7      | Killed Crazy Yiuf
  2178 | D:7      | Noticed Joseph
  2206 | D:7      | Killed Joseph
  2206 | D:7      | Reached XP level 8. HP: 57/71 MP: 10/10
  2252 | D:7      | Noticed Menkaure
  2260 | D:7      | Killed Menkaure
  2260 | D:7      | Reached skill level 11 in Axes
  2413 | D:9      | Noticed a hippogriff
  2415 | D:9      | Noticed a yak
  2415 | D:9      | Noticed a yak
  2418 | D:9      | Noticed a yak
  2499 | D:8      | Noticed a hippogriff
  2513 | D:8      | Killed a hippogriff
  2513 | D:8      | Reached skill level 12 in Axes
  2513 | D:8      | Reached XP level 9. HP: 59/82 MP: 7/11
  2687 | D:9      | Reached skill level 1 in Armour
  2748 | D:10     | Entered Level 10 of the Dungeon
  2766 | D:10     | Noticed a komodo dragon
  2775 | D:10     | Reached skill level 5 in Armour
  2785 | D:10     | Killed a komodo dragon
  2791 | D:10     | Reached XP level 10. HP: 24/91 MP: 12/12
  2845 | D:10     | Reached skill level 13 in Axes
  2878 | D:10     | Got a transparent bronze ring
  2890 | D:10     | Identified the ring "Xel Yshi" {rN+ Dex+6} (You found it on
                  | level 10 of the Dungeon)
  3032 | D:10     | Found a staircase to the Orcish Mines.
  3049 | D:11     | Noticed a gargoyle
  3065 | D:11     | Killed a gargoyle
  3065 | D:11     | Reached skill level 14 in Axes
  3087 | D:11     | Noticed a kobold demonologist
  3093 | D:11     | Noticed an orange demon
  3099 | D:11     | Noticed a sixfirhy
  3104 | D:11     | Killed a kobold demonologist
  3204 | D:10     | Noticed a gargoyle
  3255 | D:11     | Reached skill level 15 in Axes
  3408 | D:11     | Found a staircase to the Lair.
  3422 | Lair:1   | Entered Level 1 of the Lair of Beasts
  3437 | Lair:1   | Found a transporter.
  3483 | D:11     | Reached skill level 16 in Axes
  3566 | D:11     | Reached XP level 11. HP: 66/96 MP: 13/13
  3596 | D:11     | Noticed a brown ugly thing
  3596 | D:11     | Reached *** piety under the Shining One
  3606 | D:11     | Killed a brown ugly thing
  3610 | D:11     | Noticed a two-headed ogre
  3619 | D:11     | Noticed a cyclops
  3619 | D:11     | a two-headed ogre changed into a cyclops
  3632 | D:11     | Killed a cyclops
  3687 | D:10     | Reached skill level 17 in Axes
  3796 | Orc:1    | Entered Level 1 of the Orcish Mines
  3796 | Orc:1    | Noticed an orc sorcerer
  3805 | D:10     | Killed an orc sorcerer
  3815 | Orc:1    | Reached skill level 5 in Invocations
  3974 | Orc:2    | Entered Level 2 of the Orcish Mines
  4652 | Orc:2    | Noticed Urug
  4683 | Orc:2    | Killed Urug
  4718 | Orc:2    | Reached skill level 1 in Throwing
  4874 | Orc:2    | Found a staircase to the Elven Halls.
  4886 | Elf:1    | Entered Level 1 of the Elven Halls
  4886 | Elf:1    | Noticed a deep elf mage
  4886 | Elf:1    | Noticed a deep elf mage
  4886 | Elf:1    | Noticed a deep elf mage
  4887 | Elf:1    | Noticed a deep elf mage
  4897 | Orc:2    | Killed a deep elf mage
  4990 | Orc:2    | Noticed an orc sorcerer
  5000 | Orc:2    | Killed an orc sorcerer
  5029 | Orc:2    | Noticed an orc warlord
  5100 | Orc:2    | Killed an orc warlord
  5100 | Orc:2    | Reached skill level 10 in Fighting
  5100 | Orc:2    | Reached XP level 12. HP: 98/106 MP: 17/17
  5151 | Orc:2    | Paralysed by an orc sorcerer for 3 turns
  5207 | Orc:2    | Noticed an orc high priest
  5213 | Orc:2    | Killed an orc high priest
  5386 | Orc:2    | Noticed an orc high priest
  5398 | Orc:2    | Killed an orc high priest
  5443 | Orc:2    | Reached skill level 18 in Axes
  5848 | Orc:2    | Noticed an orc high priest
  5872 | Orc:2    | Killed an orc high priest
  6086 | Orc:2    | Found Xupriceury's General Store.
  6087 | Orc:2    | Found Kumpesul's Book Shoppe.
  6088 | Orc:2    | Found Jaolu's Antique Armour Shoppe.
  6088 | Orc:2    | Found Doinnoz's Antique Weapon Emporium.
  6112 | Orc:2    | Bought a pair of smoking boots for 266 gold pieces
  6117 | Orc:2    | Identified the +3 pair of boots "Igehuwyq" {*Slow rPois rC+
                  | Dex+5} (You bought it in a shop on level 2 of the Orcish
                  | Mines)
  6117 | Orc:2    | Bought a glowing scarf for 224 gold pieces
  6139 | Orc:2    | Bought a glowing plate armour for 728 gold pieces
  6323 | Lair:1   | Reached skill level 19 in Axes
  6533 | Lair:3   | Reached skill level 20 in Axes
  6545 | Lair:3   | Reached XP level 13. HP: 76/116 MP: 18/18
  6556 | Lair:3   | Got a scorched scale mail
  6680 | Lair:3   | Found a sparkling altar of Nemelex Xobeh.
  6782 | Lair:4   | Reached **** piety under the Shining One
  6801 | Lair:4   | Reached skill level 21 in Axes
  7041 | Lair:6   | Entered Level 6 of the Lair of Beasts
  7162 | Lair:6   | Reached skill level 10 in Armour
  7242 | Lair:6   | Reached XP level 14. HP: 93/124 MP: 20/20
  7582 | Lair:6   | Found a staircase to the Slime Pits.
  7609 | Lair:6   | Reached skill level 10 in Invocations
  7740 | Lair:6   | Got a faintly glowing steel amulet
  7741 | Lair:6   | Identified the amulet "Leusir" {Inacc *Slow Fragile MR+++
                  | Str+5} (You found it on level 6 of the Lair of Beasts)
  7990 | Lair:3   | Found a staircase to the Snake Pit.
  8101 | Snake:1  | Entered Level 1 of the Snake Pit
  8242 | Snake:1  | Reached skill level 1 in Evocations
  8550 | Snake:3  | Reached skill level 5 in Evocations
  8896 | Snake:2  | Noticed Aizul
  9000 | Snake:2  | Found Tirix's Weapon Boutique.
  9014 | Snake:2  | Reached XP level 15. HP: 50/129 MP: 23/23
  9196 | Snake:4  | Entered Level 4 of the Snake Pit
  9270 | Snake:4  | Reached skill level 22 in Axes
  9492 | Snake:4  | Noticed a nagaraja
  9512 | Snake:4  | Killed a nagaraja
  9513 | Snake:4  | Noticed a nagaraja
  9520 | Snake:4  | Killed a nagaraja
  9520 | Snake:4  | Noticed a nagaraja
  9520 | Snake:4  | Reached ***** piety under the Shining One
  9537 | Snake:4  | Noticed a nagaraja
  9704 | Snake:4  | Found Fynih's Armour Boutique.
  9786 | Snake:3  | HP: 6/129 [shock serpent/bolt of electricity (23)]
  9787 | Snake:3  | HP: 1/129 [something (5)]
  9792 | Snake:3  | HP: 1/129 [poisoned by a naga (splash of poison)]
  9799 | Snake:3  | HP: 2/129 [poisoned by a naga (splash of poison)]
  9806 | Snake:2  | HP: 2/129 [poisoned by a naga (splash of poison)]
 10256 | Snake:3  | Noticed Saint Roka
 10273 | Snake:3  | Killed Saint Roka
 10273 | Snake:3  | Reached skill level 23 in Axes
 10404 | Snake:4  | Found Qeva's Assorted Antiques.
 10405 | Snake:4  | Found Jufoito's Weapon Boutique.
 10405 | Snake:4  | Found Eby Goisu's General Store.
 10416 | Snake:4  | Bought a +2 pair of gloves of strength for 451 gold pieces
 10636 | Snake:4  | Noticed Mara
 10648 | Snake:4  | Noticed a nagaraja
 10666 | Snake:4  | Got a serpentine rune of Zot
 10670 | Snake:4  | Noticed a nagaraja
 10688 | Snake:4  | Killed a nagaraja
 10895 | Lair:4   | Found a staircase to the Shoals.
 10947 | Shoals:1 | Entered Level 1 of the Shoals
 11047 | Shoals:2 | Reached XP level 16. HP: 138/138 MP: 24/24
 11319 | Shoals:4 | Entered Level 4 of the Shoals
 11871 | Shoals:3 | Found a runed translucent door.
 11871 | Shoals:3 | Noticed Tyggy's ghost (journeyman MiBe)
 12313 | Shoals:4 | Got a barnacled rune of Zot
 12595 | Shoals:2 | HP: 4/139 [water nymph/the raging water (24)]
 12596 | Shoals:2 | HP: 1/139 [sea snake (3)]
 12747 | Lair:6   | Reached skill level 15 in Invocations
 13275 | D:13     | Found a gate to the Vaults.
 13331 | D:13     | Identified the +3 scale mail of Kiziv {+Fly rN+ MP+9 Int+4}
                  | (You found it on level 3 of the Lair of Beasts)
 13343 | Vaults:1 | Entered Level 1 of the Vaults
 13415 | Vaults:1 | Reached XP level 17. HP: 38/146 MP: 29/29
 14047 | Vaults:2 | Reached skill level 5 in Dodging
 14237 | Vaults:3 | Found a staircase to the Crypt.
 14237 | Vaults:3 | Noticed a lich
 14246 | Vaults:3 | Killed a lich
 14273 | Crypt:1  | Entered Level 1 of the Crypt
 14346 | Vaults:3 | Noticed a sphinx
 14351 | Vaults:3 | Killed a sphinx
 14449 | Vaults:3 | Noticed Agnes
 14449 | Vaults:3 | Noticed an ancient champion
 14450 | Vaults:3 | Noticed Sojobo
 14455 | Vaults:3 | Reached ****** piety under the Shining One
 14539 | Vaults:3 | Cast into level 3 of the Abyss (a deep elf sorcerer)
 14681 | Abyss:3  | Noticed a tentacled starspawn
 14692 | Abyss:3  | Killed a tentacled starspawn
 14692 | Abyss:3  | Reached XP level 18. HP: 65/158 MP: 27/31
 14696 | Abyss:3  | Found a runed translucent door.
 14712 | Abyss:3  | Noticed a tentacled monstrosity
 14729 | Abyss:3  | Killed a tentacled monstrosity
 14787 | Abyss:3  | Engulfed by a death drake's foul pestilence

Illustrated notes

Levels and vault maps discovered:
D:1:      dpeg_arrival_simpleton_a, layout_basic
D:2:      layout_loops_corners, chequers_garden
D:3:      layout_loops_cross, first_ration, minmay_misc_feat_rows,
          evilmike_ruin_ashenzari
D:4:      layout_loops_ring
D:5:      layout_basic, fiery_altar_vehumet, serial_glass, glass_columns_b,
          glass_columns_a, cheibrodos_sewer_entry_sluice
D:6:      layout_loops_corners, gammafunk_ghost_split, kennysheep_big_empty_room
D:7:      layout_basic, minmay_temple_entry_proselytizer, uniq_menkaure,
          uniq_crazy_yiuf_cottage, uniq_joseph
D:8:      layout_loops_ring
D:9:      layout_cave_pools
D:10:     layout_cave_pools, hiddenorc1_lemuel, blue_anna_alchemist
          [blue_anna_fruit_fields, blue_anna_fruit_fields]
D:11:     layout_gridville, grunt_lair_entry_orc_guard_hut, eino_jars
D:12:     layout_basic
D:13:     layout_gridville, lightli_vaults_fourway_checkpoint,
          portal_ice_cave_entry_animals_and_master
Temple:   roderic_octagonal_lattice_temple
Lair:1:   gammafunk_cloud_chamber, layout_regular_city, serial_forest,
          infiniplex_forest_straight_2, infiniplex_forest_lined_2,
          infiniplex_forest_clump_tiny, infiniplex_forest_straight_2,
          infiniplex_forest_lined_room_2, infiniplex_forest_3_way,
          infiniplex_forest_clump_tiny, infiniplex_forest_end_2
Lair:2:   layout_cave_pods, special_room, beast_lair_carwin_1,
          serial_bayou_shore_b
Lair:3:   layout_loops_ring, minmay_snake_entry_six_corridors, basic_altar,
          chequers_serial_rivers_micro_b
Lair:4:   layout_layer_cave, elwin_shoals_entry_rocks,
          nicolae_lair_grove_arrangements, minmay_lair_oklob_items,
          chequers_serial_rivers_room_a, chequers_serial_rivers_small_b,
          nicolae_quartered_pool_little
Lair:5:   layout_cave_pods, lemuel_fruit_tree, grunt_megastairs_3
Lair:6:   minmay_lair_end_frog_pond, layout_small_grid,
          nicolae_slime_entry_slimehenge, grunt_megastairs_4
Shoals:1: layout_shoals, lemuel_altar_in_water
Shoals:2: cheibrodos_shoals_epimethial_gifts, layout_shoals
Shoals:3: layout_shoals, ebering_ghost_reflecting_pool
Shoals:4: shoals_end_grunt_garden, layout_shoals
Snake:1:  layout_cave_pods, ebering_ghost_disaster_area,
          hangedman_snake_wide_pillar_pass, serial_bayou_shore_b,
          serial_bayou_shore_a
Snake:2:  layout_cave_town, serial_shops, shop, uniq_aizul
Snake:3:  layout_misc_corridors, uniq_saint_roka
Snake:4:  snake_pit, layout_onion_interference, minmay_shoptagon, uniq_mara
Orc:1:    layout_diamond_mine, uniq_nergalle
Orc:2:    st_orc_congregation, layout_diamond_mine, special_room, uniq_urug
Elf:1:    minmay_elf_arrival_summoners, layout_gridlike, serial_shops,
          statue_bzr, shop, nicolae_shop_trees, shop, shop,
          minmay_elf_demonology, uniq_frances
Vaults:1: ontoclasm_vaults_decontamination, vaults_room_corners,
          vaults_room_boxed, v_misc_23, hangedman_vaults_corner,
          vaults_dpeg_diagonal, hangedman_vaults_stream, ontoclasm_vaults_eye,
          nicolae_vaults_network_s, ontoclasm_vaults_shuriken,
          layout_vaults_ring, serial_shops, nicolae_shop_stone
Vaults:2: v_rooms_2, v_alt_pattern_3, nicolae_vaults_angled_halls, v_rooms_4,
          nicolae_vaults_little_squares_2, nicolae_vaults_yaktaur_gun_rack,
          vaults_dpeg_cross, hangedman_vaults_trim, hangedman_vaults_impose,
          dpeg_vaults_monster_box, v_misc_27, layout_vaults_big_room
Vaults:3: vaults_mumra_lcd, ontoclasm_vaults_idyll, vaults_dpeg_encased_lava,
          vaults_mumra_minichess, minmay_crypt_entry_simple_statues, v_rooms_5,
          sword_in_stone, v_misc_16, hangedman_vaults_stretched_pinwheel,
          v_misc_11, hangedman_vaults_unwind, hangedman_vaults_variations,
          hangedman_vaults_cutoff, nicolae_vaults_little_squares_2,
          vaults_mumra_chevron, nicolae_vaults_theta, layout_vaults_omnibox,
          infiniplex_enter_wizlab_water
Crypt:1:  layout_basic
Abyss:3:  base: Crypt:1, evilmike_abyss_exit_10, minivault_13

Skill      XL: |  1  2  3  4  5  6  7  8  9 10 11 12 13 14 15 16 17 18 |
---------------+-------------------------------------------------------+-----
Axes           | 5 6 7 9 10 12 16 17 20 21 23 | 23.7
Invocations    | 3 7 8 11 16 18 | 18.6
Fighting       | 6 8 9 10 11 12 13 14 | 14.0
Armour         | 7 10 12 14 | 14.4
Dodging        | 4 6 |  6.0
Throwing       | 3 |  3.0
Evocations     | 6 |  6.4
Stealth        | |  1.5

Action                   |  1- 3 |  4- 6 |  7- 9 | 10-12 | 13-15 | 16-18 || total
-------------------------+-------+-------+-------+-------+-------+-------++-------
Melee: Hand axe          |   105 |   108 |    10 |       |       |       ||   223
       War axe           |       |       |   160 |   477 |       |       ||   637
       Battleaxe         |       |       |       |   121 |   709 |   687 ||  1517
Throw: Dart              |       |     2 |       |     2 |     3 |       ||     7
       Boomerang         |       |       |       |     2 |       |       ||     2
       Javelin           |       |       |       |     9 |       |       ||     9
       Throwing net      |       |       |       |       |       |     1 ||     1
Invok: Divine Shield     |       |       |     5 |    25 |    17 |    13 ||    60
       Summon Divine War |       |       |       |       |       |     1 ||     1
Evoke: Wand              |       |       |       |     9 |    14 |       ||    23
       Phial of floods   |       |       |       |       |     1 |       ||     1
  Use: Scroll            |       |     6 |     1 |    13 |    12 |    12 ||    44
       Potion            |       |       |     2 |    11 |     6 |     3 ||    22
 Stab: Sleeping          |     4 |       |       |       |       |       ||     4
  Eat: Chunk             |       |     2 |     1 |     2 |     6 |     3 ||    14
       Ration            |       |     1 |       |     4 |     4 |     3 ||    12
Armor: Robe              |    18 |     9 |       |       |       |       ||    27
       Ring mail         |       |    13 |    34 |       |       |       ||    47
       Plate armour      |       |       |    38 |   101 |   355 |   267 ||   761
       Troll leather arm |       |       |       |    60 |     2 |     4 ||    66
Dodge: Dodged            |    69 |    74 |    80 |   170 |   213 |   230 ||   836
Block: Other             |    10 |    19 |    66 |   130 |   254 |   241 ||   720
       Reflection        |     3 |       |     3 |     2 |    32 |    18 ||    58
